 Dungeon Crawl Stone Soup version 0.27-a0-1140-g099f9bb0e8 (webtiles) character file.

Game seed: 2319039476515634114

30 freelancePsychic the Caller (level 3, -4/26 HPs)
             Began as a Merfolk Summoner on May 9, 2021.
             Slain by a worm (11 damage)
             ... on level 2 of the Dungeon.
             The game lasted 00:03:11 (2310 turns).

freelancePsychic the Caller (Merfolk Summoner)      Turns: 2310, Time: 00:03:12

Health: -4/26      AC:  3    Str:  8    XL:     3   Next: 18%
Magic:  6/6        EV: 12    Int: 15    God:
Gold:   41         SH:  0    Dex: 14    Spells: 3/6 levels left

rFire    . . .     SeeInvis .   c - +0 morningstar
rCold    . . .     Faith    .   (no shield)
rNeg     . . .     Spirit   .   e - +0 leather armour
rPois    .         Reflect  .   (no helmet)
rElec    .         Harm     .   (no cloak)
rCorr    .         Rampage  .   (no gloves)
Will     .....                  (no boots)
Stlth    ++........             (no amulet)
HPRegen  0.08/turn              (no ring)
MPRegen  0.10/turn              (no ring)

@: no status effects
A: (nimble swimmer 2), mertail
a: no special abilities


You were on level 2 of the Dungeon.
You visited 1 branch of the dungeon, and saw 2 of its levels.

You collected 41 gold pieces.

Inventory:

Hand Weapons
 c - a +0 morningstar (weapon)
 d - a +2 dagger of holy wrath
Missiles
 b - 15 poisoned darts
Armour
 a - a +0 robe
 e - a +0 leather armour (worn)
Scrolls
 g - a scroll of fear {unknown}
Potions
 f - a potion of heal wounds {unknown}


   Skills:
 + Level 1.4 Fighting
 * Level 3.3 Polearms
 - Level 2.6 Dodging
 - Level 2.1 Stealth
 - Level 2.0 Spellcasting
 - Level 4.0 Summonings


You had 3 spell levels left.
You knew the following spells:

 Your Spells              Type           Power      Damage    Failure   Level
a - Summon Small Mammal   Summ           52%        N/A       6%          1
b - Call Imp              Summ           13%        N/A       10%         2

Your spell library contained the following spells:

 Spells                   Type           Power      Damage    Failure   Level
 Call Canine Familiar     Summ           13%        N/A       19%         3
 Summon Guardian Golem    Hex/Summ       7%         N/A       38%         3
 Summon Ice Beast         Ice/Summ       7%         N/A       80%         4
 Summon Lightning Spire   Summ/Air       7%         N/A       80%         4


Dungeon Overview and Level Annotations

Branches:
Dungeon (2/15)

Altars:


Innate Abilities, Weirdness & Mutations

((You are quick and stealthy near water. (Stealth+, EV+, Speed+++)))
Your lower body shifts to a powerful aquatic tail in water.


Message History

No target in view!
No target in view!
No target in view!
No target in view!
No target in view!
No target in view!
No target in view!
No target in view!
No target in view!
No target in view!
You now have 41 gold pieces (gained 8).
You see here a +0 leather armour.
A worm comes into view.
A worm is nearby!
You hit the worm but do no damage. The worm bites you!
You are too injured to fight recklessly!
You are too injured to fight recklessly!
You are too injured to fight recklessly!
You are too injured to fight recklessly!
You are too injured to fight recklessly!
You are too injured to fight recklessly!
You are too injured to fight recklessly!
You are too injured to fight recklessly!
You are too injured to fight recklessly!
You are too injured to fight recklessly!
You are too injured to fight recklessly!
You are too injured to fight recklessly!
You are too injured to fight recklessly!
You are too injured to fight recklessly!
You are too injured to fight recklessly!
You are too injured to fight recklessly!
You are too injured to fight recklessly!
You are too injured to fight recklessly!
You are too injured to fight recklessly!
You are too injured to fight recklessly!
You barely miss the worm. The worm bites you but does no damage.
You hit the worm but do no damage. The worm bites you!
* * * LOW HITPOINT WARNING * * *
You barely miss the worm. The worm bites you!
You die...

##.# . #... .#
#<.#####.#
........###
#.##.......
#.##.#..########
####.....>..#.....#
............#..#..#
............#..#@.#
#######.#...#..#w.#
# #.#.###[##.## #
#.#.##..#..# #
####.#.##..#..#
#.......#..#..#
#.#####....#...
#...####### #.###


You could see a worm.

Vanquished Creatures
  A dart slug (D:1)
  3 ball pythons
  An endoplasm (D:2)
  A giant cockroach (D:1)
  A goblin (D:1)
  4 hobgoblins (D:1)
  3 kobolds (D:1)
  2 quokkas (D:1)
  4 bats (D:1)
  2 frilled lizards (D:1)
  A rat (D:1)
23 creatures vanquished.

Vanquished Creatures (collateral kills)
  A giant cockroach (D:1)
  A hobgoblin (D:1)
  3 ball pythons (D:1)
5 creatures vanquished.

Grand Total: 28 creatures vanquished

Notes
Turn   | Place    | Note
-------+----------+-------------------------------------------
     0 | D:1      | freelancePsychic the Merfolk Summoner began the quest for
                  | the Orb.
     0 | D:1      | Reached XP level 1. HP: 13/13 MP: 3/3
   256 | D:1      | Reached skill level 1 in Polearms
   261 | D:1      | Found a faded altar of an unknown god.
   557 | D:1      | Reached XP level 2. HP: 4/20 MP: 5/5
   941 | D:1      | Reached skill level 1 in Fighting
  1675 | D:1      | Reached XP level 3. HP: 12/26 MP: 4/6
  1684 | D:1      | Learned a level 2 spell: Call Imp
  2310 | D:2      | Slain by a worm

Illustrated notes

Levels and vault maps discovered:
D:1:      dpeg_arrival_morbid_curiosity, layout_basic,
          hellmonk_ecumenical_altar_heavens_door, serial_glass, glass_columns_a,
          glass_columns_b, due_unseen_surprise
D:2:      minmay_angry_zag, layout_loops_ring, uniq_terence

Skill      XL: |  1  2 |
---------------+-------+-----
Polearms       | 1 3 |  3.3
Fighting       | 1 |  1.4
Dodging        | |  2.6
Stealth        | |  2.1
Spellcasting   | |  2.0
Summonings     | |  4.0

Action                   || total
-------------------------++-------
Melee: Unarmed           ||    15
       Morningstar       ||    75
 Cast: Summon Small Mamm ||    13
 Stab: Sleeping          ||     3
Armor: Robe              ||    29
       Leather armour    ||    13
Dodge: Dodged            ||    87

Table legend: (Time is in decaauts)
 A = Elapsed time spent in this place.
 B = Non-inter-level travel time spent in this place.
 C = Inter-level travel time spent in this place.
 D = Time resting spent in this place.
 E = Time spent auto-exploring this place.
 F = Levels seen in this place.
 G = Mean time per level.
                   A        B        C        D        E       F      G
               +--------+--------+--------+--------+--------+-----+--------+
         Total |   2346 |   2295 |     51 |    603 |   1364 |   2 | 1173.0 |
       Dungeon |   2346 |   2295 |     51 |    603 |   1364 |   2 | 1173.0 |
               +--------+--------+--------+--------+--------+-----+--------+

Top non-repeatable levels by time:
     D:1: 2239 daAuts
     D:2: 106 daAuts
